EVO
STANFORD UNIVERSITY CARDINAL @ UNIVERSITY OF TORONTO MARLIES
07/14/2045
 
TOP OF THE 1ST
Stanford University Cardinal batting - Pitching for University of Toronto Marlies : RHP Carlos Guerrero
Pitching: RHP Carlos Guerrero
Batting: RHB Antonio Honorato 0-0: Fly out, F9 (Flyball, 9LM, EV 100.6 MPH)
Batting: RHB Tim Dower 0-0: Called Strike
0-1: Ball
1-1: Foul Ball, location: 2F
1-2: Foul Ball, location: 2F
1-2: Strikes out looking
Batting: RHB Alejandro Gomez 0-0: Foul Ball, location: 2F
0-1: Ball
1-1: Called Strike
1-2: Ball
2-2: Fly out, F8 (Line Drive, 8LM, EV 100.0 MPH)
Top of the 1st over - 0 runs, 0 hits, 0 errors, 0 left on base; Stanford University 0 - University of Toronto 0
BOTTOM OF THE 1ST
University of Toronto Marlies batting - Pitching for Stanford University Cardinal : LHP Cao-Ky Trieu
Pitching: LHP Cao-Ky Trieu
Batting: SHB Jason Todd 0-0: Called Strike
0-1: Called Strike
0-2: Strikes out swinging
Batting: RHB Yuusei Narita 0-0: Fly out, F8 (Flyball, 89M, EV 73.8 MPH)
Batting: SHB Karl Starnes 0-0: Called Strike
0-1: Fly out, F8 (Flyball, 8LXD, EV 91.9 MPH)
Bottom of the 1st over - 0 runs, 0 hits, 0 errors, 0 left on base; Stanford University 0 - University of Toronto 0
TOP OF THE 2ND
Stanford University Cardinal batting - Pitching for University of Toronto Marlies : RHP Carlos Guerrero
Batting: RHB Jorge Lagunas 0-0: Foul Ball, location: 2F
0-1: Ball
1-1: Ball
2-1: Fly out, F4 (Popup, 34D, EV 56.9 MPH)
Batting: RHB Joselito Santos 0-0: Ground out 6-3 (Groundball, 6, EV 101.9 MPH)
Batting: RHB Eddie Luna 0-0: Ball
1-0: Called Strike
1-1: Ground out 5-3 (Groundball, 56, EV 103.8 MPH)
Top of the 2nd over - 0 runs, 0 hits, 0 errors, 0 left on base; Stanford University 0 - University of Toronto 0
BOTTOM OF THE 2ND
University of Toronto Marlies batting - Pitching for Stanford University Cardinal : LHP Cao-Ky Trieu
Batting: RHB Francisco Marin 0-0: Called Strike
0-1: Ball
1-1: Foul Ball, location: 2F
1-2: Ball
2-2: Strikes out swinging
Batting: SHB Jim Lloyd 0-0: Called Strike
0-1: Ball
1-1: Foul Ball, location: 2F
1-2: Fly out, F7 (Flyball, 7LM, EV 84.4 MPH)
Batting: RHB Nate Henderson 0-0: Ball
1-0: Called Strike
1-1: Called Strike
1-2: Foul Ball, location: 2F
1-2: Ball
2-2: Ball
3-2: Foul Ball, location: 2F
3-2: SINGLE (Groundball, 6MD, EV 99.4 MPH)
Batting: RHB Quan Tai 0-0: Ball
1-0: Fielders Choice at 2nd, 5-4 (Groundball, 56D, EV 82.5 MPH)
Bottom of the 2nd over - 0 runs, 1 hit, 0 errors, 1 left on base; Stanford University 0 - University of Toronto 0
TOP OF THE 3RD
Stanford University Cardinal batting - Pitching for University of Toronto Marlies : RHP Carlos Guerrero
Batting: RHB Yok-sing Zhào 0-0: Called Strike
0-1: Called Strike
0-2: Ball
1-2: Ball
2-2: SINGLE (Groundball, 6MD, EV 94.4 MPH)
Batting: LHB Ivan Alvarez 0-0: Sac Bunt to 3S - play at first, batter safe!
Yok-sing Zhào to second
Batting: RHB Mario Rueda 0-0: Ball
1-0: Ball
2-0: TRIPLE (Flyball, 89XD, EV 102.5 MPH)
Yok-sing Zhào scores
Ivan Alvarez scores
Batting: RHB Antonio Honorato 0-0: Called Strike
0-1: Fly out, F7 (Flyball, 7D, EV 96.2 MPH)
Runner from 3rd tags up, SCORES, no throw by LF
Batting: RHB Tim Dower 0-0: Ball
1-0: SOLO HOME RUN (Flyball, 7D, EV 111.9 MPH), Distance : 423 ft
Batting: RHB Alejandro Gomez 0-0: Ball
1-0: Swinging Strike
1-1: Foul Ball, location: 2F
1-2: Ball
2-2: Ball
3-2: Base on Balls
Batting: RHB Jorge Lagunas 0-0: Ball
1-0: Foul Ball, location: 2F
1-1: Swinging Strike
1-2: Ball
2-2: Foul Ball, location: 2F
2-2: Strikes out swinging
Batting: RHB Joselito Santos 0-0: Ball
1-0: Ground out 5-3 (Groundball, 56S, EV 66.9 MPH)
Top of the 3rd over - 4 runs, 4 hits, 0 errors, 1 left on base; Stanford University 4 - University of Toronto 0
BOTTOM OF THE 3RD
University of Toronto Marlies batting - Pitching for Stanford University Cardinal : LHP Cao-Ky Trieu
Batting: RHB Juan Ordonez 0-0: Ball
1-0: Swinging Strike
1-1: Foul Ball, location: 2F
1-2: Strikes out looking
Batting: RHB Tacito Carreiro 0-0: Called Strike
0-1: Foul Ball, location: 2F
0-2: Strikes out swinging
Batting: SHB Jason Todd 0-0: Ball
1-0: Foul Ball, location: 2F
1-1: Foul Ball, location: 2F
1-2: Ball
2-2: Ball
3-2: SINGLE (Line Drive, 78S, EV 90.0 MPH)
Batting: RHB Yuusei Narita 0-0: Foul Ball, location: 2F
0-1: Called Strike
0-2: Ball
1-2: Ball
2-2: Foul Ball, location: 2F
2-2: Ball
3-2: Base on Balls
Jason Todd to second
Batting: SHB Karl Starnes 0-0: Called Strike
0-1: Fly out, F9 (Flyball, 9D, EV 93.8 MPH)
Bottom of the 3rd over - 0 runs, 1 hit, 0 errors, 2 left on base; Stanford University 4 - University of Toronto 0
TOP OF THE 4TH
Stanford University Cardinal batting - Pitching for University of Toronto Marlies : RHP Carlos Guerrero
Batting: RHB Eddie Luna 0-0: Called Strike
0-1: Fly out, F7 (Flyball, 7, EV 90.6 MPH)
Batting: RHB Yok-sing Zhào 0-0: Called Strike
0-1: Ball
1-1: Swinging Strike
1-2: Strikes out looking
Batting: LHB Ivan Alvarez 0-0: Ball
1-0: Fly out, F8 (Flyball, 78D, EV 103.8 MPH)
Top of the 4th over - 0 runs, 0 hits, 0 errors, 0 left on base; Stanford University 4 - University of Toronto 0
BOTTOM OF THE 4TH
University of Toronto Marlies batting - Pitching for Stanford University Cardinal : LHP Cao-Ky Trieu
Batting: RHB Francisco Marin 0-0: Swinging Strike
0-1: Swinging Strike
0-2: Strikes out looking
Batting: SHB Jim Lloyd 0-0: Ground out 3-1 (Groundball, 34, EV 81.2 MPH)
Batting: RHB Nate Henderson 0-0: Swinging Strike
0-1: Ball
1-1: Called Strike
1-2: SINGLE (Groundball, 34D, EV 107.5 MPH)
Batting: RHB Quan Tai 0-0: Called Strike
0-1: Foul Ball, location: 2F
0-2: Strikes out looking
Bottom of the 4th over - 0 runs, 1 hit, 0 errors, 1 left on base; Stanford University 4 - University of Toronto 0
TOP OF THE 5TH
Stanford University Cardinal batting - Pitching for University of Toronto Marlies : RHP Carlos Guerrero
Batting: RHB Mario Rueda 0-0: Ball
1-0: Called Strike
1-1: Ball
2-1: Ball
3-1: Ground out U3 (Groundball, 3, EV 85.6 MPH)
Batting: RHB Antonio Honorato 0-0: Ball
1-0: Ball
2-0: Foul Ball, location: 2F
2-1: Swinging Strike
2-2: Foul Ball, location: 2F
2-2: Foul Ball, location: 2F
2-2: Foul Ball, location: 2F
2-2: Ground out 5-3 (Groundball, 56S, EV 63.8 MPH)
Batting: RHB Tim Dower 0-0: Called Strike
0-1: Swinging Strike
0-2: Strikes out swinging
Top of the 5th over - 0 runs, 0 hits, 0 errors, 0 left on base; Stanford University 4 - University of Toronto 0
BOTTOM OF THE 5TH
University of Toronto Marlies batting - Pitching for Stanford University Cardinal : LHP Cao-Ky Trieu
Pitching: RHP Josh Loney
Batting: RHB Juan Ordonez 0-0: Called Strike
0-1: Ground out 3-1 (Groundball, 34S, EV 89.4 MPH)
Batting: RHB Tacito Carreiro 0-0: Ball
1-0: Ball
2-0: Fly out, F7 (Flyball, 7LM, EV 76.9 MPH)
Batting: SHB Jason Todd 0-0: Ball
1-0: Foul Ball, location: 2F
1-1: Foul Ball, location: 2F
1-2: SOLO HOME RUN (Flyball, 7D, EV 99.4 MPH), Distance : 399 ft
Batting: RHB Yuusei Narita 0-0: Ball
1-0: Called Strike
1-1: Foul Ball, location: 2F
1-2: Ball
2-2: Strikes out looking
Bottom of the 5th over - 1 run, 1 hit, 0 errors, 0 left on base; Stanford University 4 - University of Toronto 1
TOP OF THE 6TH
Stanford University Cardinal batting - Pitching for University of Toronto Marlies : RHP Carlos Guerrero
Batting: RHB Alejandro Gomez 0-0: Foul Ball, location: 2F
0-1: Ball
1-1: Ball
2-1: Foul Ball, location: 2F
2-2: Strikes out looking
Batting: RHB Jorge Lagunas 0-0: Called Strike
0-1: Fly out, F8 (Flyball, 8LD, EV 96.2 MPH)
Batting: RHB Joselito Santos 0-0: Foul Ball, location: 2F
0-1: Ball
1-1: Foul Ball, location: 2F
1-2: Ball
2-2: SOLO HOME RUN (Flyball, 7D, EV 100.0 MPH), Distance : 409 ft
Batting: RHB Eddie Luna 0-0: Ball
1-0: Ball
2-0: Fly out, F9 (Flyball, 9LD, EV 85.6 MPH)
Top of the 6th over - 1 run, 1 hit, 0 errors, 0 left on base; Stanford University 5 - University of Toronto 1
BOTTOM OF THE 6TH
University of Toronto Marlies batting - Pitching for Stanford University Cardinal : RHP Josh Loney
Batting: SHB Karl Starnes 0-0: Ball
1-0: Ball
2-0: Ball
3-0: Called Strike
3-1: Foul Ball, location: 2F
3-2: Foul Ball, location: 2F
3-2: Base on Balls
Batting: RHB Francisco Marin 0-0: Ball
1-0: Called Strike
1-1: Swinging Strike
1-2: Ball
2-2: Strikes out looking
Batting: SHB Jim Lloyd 0-0: Foul Ball, location: 2F
0-1: Called Strike
0-2: Ball
1-2: Foul Ball, location: 2F
1-2: Grounds into double play, 6-4-3 (Groundball, 6, EV 86.9 MPH)
Bottom of the 6th over - 0 runs, 0 hits, 0 errors, 0 left on base; Stanford University 5 - University of Toronto 1
TOP OF THE 7TH
Stanford University Cardinal batting - Pitching for University of Toronto Marlies : RHP Carlos Guerrero
Batting: RHB Yok-sing Zhào 0-0: Ball
1-0: Ball
2-0: Ball
3-0: Base on Balls
Batting: LHB Ivan Alvarez 0-0: Called Strike
0-1: SINGLE (Line Drive, 7LS, EV 100.6 MPH)
Yok-sing Zhào to second
Batting: RHB Mario Rueda 0-0: Ball
1-0: Ball
2-0: Sac Bunt to 15 - play at first, batter OUT! 1-3
Yok-sing Zhào to third
Ivan Alvarez to second
Pinch Hitting: RHB Troy Morin 0-0: Swinging Strike
0-1: Ball
1-1: Ball
2-1: Foul Ball, location: 2F
2-2: Foul Ball, location: 2F
2-2: Strikes out swinging
Pinch Hitting: LHB Carlos Palau 0-0: Called Strike
0-1: Ball
1-1: Ball
2-1: Ball
3-1: Base on Balls
Batting: RHB Amare Brown 0-0: Ball
1-0: Foul Ball, location: 2F
1-1: Ball
2-1: Ball
3-1: SINGLE (Flyball, 78S, EV 87.5 MPH)
Yok-sing Zhào scores
Ivan Alvarez to third
Carlos Palau to second
Runner from 3rd tries for Home, SAFE, throw by LF to home
Pinch Hitting: RHB Mike Webb 0-0: Fielders Choice at 2nd, 5-4 (Groundball, 5, EV 93.8 MPH)
Top of the 7th over - 2 runs, 2 hits, 0 errors, 2 left on base; Stanford University 7 - University of Toronto 1
BOTTOM OF THE 7TH
University of Toronto Marlies batting - Pitching for Stanford University Cardinal : RHP Josh Loney
Now at 1B: Mike Webb
Now at 2B: Troy Morin
Now in LF: Carlos Palau
Now in CF: Yok-sing Zhào
Batting: RHB Nate Henderson 0-0: Ball
1-0: Called Strike
1-1: Foul Ball, location: 2F
1-2: Foul Ball, location: 2F
1-2: Ball
2-2: Foul Ball, location: 2F
2-2: Ball
3-2: TRIPLE (Flyball, 78XD, EV 98.1 MPH)
Pitching: RHP David Oviedo
Batting: RHB Quan Tai 0-0: Reached on error, E6 (Groundball, 6, EV 106.9 MPH)
Nate Henderson scores
Batting: RHB Juan Ordonez 0-0: Called Strike
0-1: Ball
Wild Pitch!
Quan Tai to second
1-1: Swinging Strike
1-2: Ball
2-2: Foul Ball, location: 2F
2-2: Fly out, F9 (Line Drive, 9, EV 102.5 MPH)
Batting: RHB Tacito Carreiro 0-0: Called Strike
0-1: Ball
1-1: Foul Ball, location: 2F
1-2: Ball
2-2: Ball
3-2: Fly out, F8 (Flyball, 8RS, EV 88.8 MPH)
Pinch Hitting: RHB Bogumil Filipowski 0-0: Called Strike
0-1: Ball
1-1: Ball
2-1: Ball
3-1: Foul Ball, location: 2F
3-2: Strikes out swinging
Bottom of the 7th over - 1 run, 1 hit, 1 error, 1 left on base; Stanford University 7 - University of Toronto 2
TOP OF THE 8TH
Stanford University Cardinal batting - Pitching for University of Toronto Marlies : RHP Carlos Guerrero
Now at 3B: Bogumil Filipowski
Batting: RHB Joselito Santos 0-0: Ball
1-0: Ball
2-0: Ball
3-0: Base on Balls
Batting: RHB Eddie Luna 0-0: Called Strike
0-1: Ball
1-1: Ball
2-1: Foul Ball, location: 2F
2-2: Foul Ball, location: 2F
2-2: Strikes out swinging
Pinch Hitting: RHB Aubrey Regimbald 0-0: Called Strike
0-1: Ball
1-1: Swinging Strike
1-2: Ball
2-2: Foul Ball, location: 2F
2-2: Ball
3-2: Strikes out swinging
Pitching: RHP Tony Machado
Batting: LHB Ivan Alvarez 0-0: Called Strike
0-1: Foul Ball, location: 2F
0-2: Ball
1-2: Fly out, F8 (Line Drive, 8LD, EV 86.2 MPH)
Top of the 8th over - 0 runs, 0 hits, 0 errors, 1 left on base; Stanford University 7 - University of Toronto 2
BOTTOM OF THE 8TH
University of Toronto Marlies batting - Pitching for Stanford University Cardinal : RHP David Oviedo
Now in CF: Aubrey Regimbald
Batting: RHB Yuusei Narita 0-0: Called Strike
0-1: Ground out 4-3 (Groundball, 4, EV 81.2 MPH)
Batting: SHB Karl Starnes 0-0: Ball
1-0: Called Strike
1-1: Ball
2-1: Swinging Strike
2-2: Strikes out swinging
Pinch Hitting: RHB Malcolm McCauley 0-0: Foul Ball, location: 2F
0-1: Swinging Strike
0-2: Ball
1-2: Foul Ball, location: 2F
1-2: Strikes out looking
Bottom of the 8th over - 0 runs, 0 hits, 0 errors, 0 left on base; Stanford University 7 - University of Toronto 2
TOP OF THE 9TH
Stanford University Cardinal batting - Pitching for University of Toronto Marlies : RHP Tony Machado
Now at 1B: Malcolm McCauley
Pinch Hitting: LHB Oscar Tamayo 0-0: Foul Ball, location: 2F
0-1: Swinging Strike
0-2: Ball
1-2: Ball
2-2: Strikes out swinging
Batting: RHB Troy Morin 0-0: Foul Ball, location: 2F
0-1: SINGLE (Line Drive, 89S, EV 87.5 MPH)
Batting: LHB Carlos Palau 0-0: Called Strike
0-1: Ball
1-1: Ball
2-1: 2-RUN HOME RUN (Flyball, 9LD, EV 96.9 MPH), Distance : 342 ft
Batting: RHB Amare Brown 0-0: Ball
1-0: Ball
2-0: Ball
3-0: Called Strike
3-1: Called Strike
3-2: Strikes out swinging
Pinch Hitting: SHB Rich Hood 0-0: Swinging Strike
0-1: Swinging Strike
0-2: Strikes out swinging
Top of the 9th over - 2 runs, 2 hits, 0 errors, 0 left on base; Stanford University 9 - University of Toronto 2
BOTTOM OF THE 9TH
University of Toronto Marlies batting - Pitching for Stanford University Cardinal : RHP David Oviedo
Now at 1B: Troy Bush
Now in RF: Oscar Tamayo
Batting: SHB Jim Lloyd 0-0: Ball
1-0: Called Strike
1-1: Swinging Strike
1-2: Foul Ball, location: 2F
1-2: Ground out 6-3 (Groundball, 6, EV 85.6 MPH)
Pinch Hitting: SHB Omar Cervantes 0-0: Called Strike
0-1: Ball
1-1: Ball
2-1: Swinging Strike
2-2: Ball
3-2: Strikes out swinging
Batting: RHB Quan Tai 0-0: Called Strike
0-1: Called Strike
0-2: Ball
1-2: Strikes out swinging
Bottom of the 9th over - 0 runs, 0 hits, 0 errors, 0 left on base; Stanford University 9 - University of Toronto 2
Wednesday, June 22nd , 2022 - OOTP Baseball 23.4 Build 64